AoeStats
← 1847373944

Pilgrims

508425576Analyzed
4v4 RM · 11d ago on Sep 22, 2026· 46m 56s· 8 players
Game mode
Random Map
Map size
Large (8 player)
Population
200
Speed
Normal
Resources
Standard
Victory
Conquest
Starting age
Dark Age
Ending age
Imperial Age
RankedLock teamsTeams togetherTeam positionsShared explorationLock speedFull tech treeHidden civsTurbo modeCheats
Victory
Defeat
🇿🇦 Italians · South Africa
1087
+15
🇨🇴 Poles · Colombia
1050
+17
🇿🇦 Koreans · South Africa
1029
+17
🇿🇦 Persians · South Africa
904
+22
🇨🇳 Dravidians · China
1081
-19
🇯🇵 Persians · Japan
1068
-18
🇨🇭 Huns · Switzerland
1046
-17
🇨🇳 Persians · China
1045
-17
ze'ro
datomasra
12:43 Feudal Age
14:38 Forging
14:18 Loom
18:03 Gold Mining
19:13 Stone Mining
21:29 Castle Age
19:37 Fishing Lines
21:25 Wheelbarrow
23:22 Gold Shaft Mining
22:48 Gillnets
26:55 Iron Casting
26:44 Scale Barding Armor
29:58 Chain Barding Armor
30:51 Fletching
35:56 Imperial Age
38:05 Plate Barding Armor
38:59 Conscription
38:44 Bodkin Arrow
39:13 Hand Cart
39:25 Bracer
yzMKD
3:54 Loom
16:41 Feudal Age
17:20 Double-Bit Axe
22:36 Castle Age
23:05 Bloodlines
23:01 Town Watch
24:01 Wheelbarrow
27:43 Horse Collar
28:55 Bow Saw
30:57 Pikeman
38:16 Imperial Age
36:15 Gold Mining
36:15 Stone Mining
37:07 Fletching
37:17 Padded Archer Armor
37:36 Arson
37:16 Elite Skirmisher
39:21 Scale Mail Armor
39:32 Forging
40:13 Ballistics
40:41 Hand Cart
40:54 Halberdier
43:25 Chain Mail Armor
45:43 Murder Holes
1847373944
10:40 Loom
13:00 Feudal Age
16:29 Double-Bit Axe
16:37 Gold Mining
19:34 Castle Age
17:48 Fletching
18:14 Fishing Lines
20:26 Bodkin Arrow
21:43 Padded Archer Armor
25:23 Wheelbarrow
26:48 Leather Archer Armor
29:11 Hand Cart
32:40 Imperial Age
31:55 Stone Mining
32:28 Ballistics
33:25 Elite Elephant Archer
36:27 Conscription
38:30 Forging
38:20 Scale Mail Armor
40:03 Thumb Ring
Demulon
4:08 Loom
14:02 Feudal Age
15:13 Town Watch
16:05 Wheelbarrow
15:48 Double-Bit Axe
15:47 Horse Collar
20:39 Castle Age
22:42 Heavy Plow
22:53 Bow Saw
22:51 Fletching
23:02 Padded Archer Armor
22:25 Crossbowman
23:13 Thumb Ring
23:28 Hand Cart
27:25 Town Patrol
30:07 Stone Mining
30:07 Gold Mining
33:56 Imperial Age
31:44 Bodkin Arrow
32:04 Leather Archer Armor
32:19 Ballistics
35:28 Conscription
35:23 Caravan
36:02 Caravan
35:26 Elite Genoese Crossbowman
41:06 Bracer
41:37 Ring Archer Armor
42:12 Chemistry
41:24 Masonry
Exile
11:39 Feudal Age
17:52 Castle Age
16:24 Double-Bit Axe
18:07 Gold Mining
18:29 Crossbowman
19:43 Fletching
23:06 Ballistics
24:20 Loom
25:37 Bodkin Arrow
26:12 Elite Skirmisher
36:09 Murder Holes
38:24 Husbandry
40:02 Gold Shaft Mining
41:25 Wheelbarrow
40:35 Town Watch
42:07 Thumb Ring
42:33 Hand Cart
46:52 Imperial Age
Preacher
15:04 Feudal Age
18:41 Wheelbarrow
17:55 Double-Bit Axe
17:54 Horse Collar
23:21 Scale Barding Armor
23:26 Forging
26:19 Castle Age
25:58 Bloodlines
26:59 Husbandry
27:51 Hand Cart
29:18 Chain Barding Armor
29:34 Iron Casting
33:54 Bow Saw
40:37 Imperial Age
39:21 Heavy Plow
39:18 Gold Mining
40:24 Light Cavalry
42:19 Heavy Camel Rider
RzBol
5:01 Loom
14:10 Feudal Age
14:41 Double-Bit Axe
16:50 Wheelbarrow
16:03 Fishing Lines
18:34 Man-at-Arms
27:27 Bloodlines
29:37 Castle Age
29:11 Stone Mining
30:52 Light Cavalry
32:09 Husbandry
32:38 Bow Saw
33:45 Hand Cart
34:58 Horse Collar
36:46 Gillnets
40:06 Imperial Age
37:53 Heavy Plow
40:06 Town Watch
43:14 Imperial Age
42:10 Szlachta Privileges
42:39 Town Patrol
42:37 Treadmill Crane
43:31 Cavalier
44:39 Conscription
44:56 Crop Rotation
47:14 Chemistry
46:11 Gold Mining
47:01 Stone Shaft Mining
47:08 Forging
46:58 Scale Mail Armor
47:03 Scale Barding Armor
Connection lost

Rejoining the realm…

Still unreachable

The connection could not be restored.

Session expired

The server has moved on; the page needs a fresh start.